[Event "December 5 Late 2023"]
[Site "https://www.chess.com"]
[Date "2023.12.05"]
[Round "6"]
[White "Khruschiov, Alexey"]
[Black "Dobre, Claudiu-Cristian"]
[Result "0-1"]
[Board "77"]
[TimeControl "180+1"]
[WhiteFideId "13900544"]
[BlackFideId "1211854"]
[WhiteElo "2694"]
[BlackElo "2491"]
[WhiteTeam "MDA"]
[BlackTeam "ROU"]
[WhiteClock "0:00:32"]
[BlackClock "0:00:07"]

1. g3 d5 2. Bg2 c6 3. Nf3 Bg4 4. O-O Nd7 5. d3 Ngf6 6. h3 Bxf3 7. Bxf3 e5 8. Bg2 Bd6 9. e3 O-O 10. b3 Qe7 11. Bb2 a5 12. a3 Nc5 13. Nc3 Ne6 14. Ne2 Rfd8 15. Qd2 c5 16. d4 Ne4 17. Qe1 cxd4 18. exd4 exd4 19. Nxd4 Nxd4 20. Bxd4 Bxa3 21. c4 Bb4 22. Qe3 Nd2 23. Bxd5 Qxe3 24. fxe3 Nxf1 25. Rxf1 Rd7 26. Kg2 Rc8 27. Kf3 Bc5 28. Ke4 Bxd4 29. exd4 b5 30. Ra1 a4 31. Kd3 axb3 32. Bc6 bxc4+ 33. Kc3 Re7 34. d5 Re3+ 35. Kxc4 Kf8 36. g4 Rxh3 37. Kb5 b2 38. Rb1 Ke7 39. Kc5 Rc3+ 40. Kd4 Rc2 41. g5 Kd6 42. Kd3 Rg2 43. Kd4 Rb8 44. Ba4 Rxg5 45. Bc2 Rxd5+ 46. Ke3 Rc5 47. Be4 Rc1 0-1

[Event "December 5 Late 2023"]
[Site "https://www.chess.com"]
[Date "2023.12.05"]
[Round "6"]
[White "Solon, Nathan"]
[Black "Dilmukhametov, Artur"]
[Result "1-0"]
[Board "78"]
[TimeControl "180+1"]
[WhiteFideId "2017229"]
[BlackFideId "24179922"]
[WhiteElo "2674"]
[BlackElo "2480"]
[WhiteTeam "USA"]
[BlackTeam "RUS"]
[WhiteClock "0:00:13"]
[BlackClock "0:00:08"]

1. d4 Nf6 2. Bf4 g6 3. Nf3 Bg7 4. c3 d5 5. h3 O-O 6. e3 c5 7. Be2 Nc6 8. Nbd2 Qb6 9. Qb3 c4 10. Qa3 Re8 11. b3 cxb3 12. axb3 Bd7 13. b4 a6 14. O-O Na7 15. c4 e6 16. Ne5 Qd8 17. b5 axb5 18. c5 Nc6 19. Qb2 b4 20. Rxa8 Qxa8 21. Ra1 Qd8 22. Nd3 Ne4 23. Nxe4 dxe4 24. Nxb4 e5 25. Nxc6 Bxc6 26. Bxe5 Bxe5 27. dxe5 Qd5 28. Qd4 Qxe5 29. Bc4 Qxd4 30. exd4 Rd8 31. Rd1 Ba4 32. Rd2 Kf8 33. Kf1 Ke7 34. Ke2 f5 35. Ke3 Kf6 36. g3 Be8 37. Rb2 Bc6 38. Rb6 Ra8 39. d5 Ra3+ 40. Ke2 Rc3 41. dxc6 bxc6 42. Rxc6+ Ke5 43. Bg8 Kd4 44. Rc8 Rc2+ 45. Kf1 e3 46. Rd8+ Ke4 47. Re8+ Kd4 48. Rxe3 Kxc5 49. Bxh7 Rc1+ 50. Kg2 g5 51. Bxf5 Kd4 52. Bg4 Rc7 53. Rf3 Rg7 54. Rf5 Ke4 55. Rf8 Ke5 56. Ra8 Kd6 57. Ra6+ Ke5 58. Ra5+ Kd6 59. Bf3 Ke6 60. Be4 Kf6 61. Kf3 Ke6 62. Kg4 Kf6 63. Rf5+ Ke6 64. Rxg5 Rf7 65. f4 Kf6 66. Rf5+ Kg7 67. Rxf7+ Kxf7 68. Kg5 Kg7 69. h4 Kh8 70. h5 Kg7 71. h6+ Kh8 72. Kh5 Kg8 73. g4 Kh8 74. g5 Kg8 75. g6 Kh8 76. g7+ Kg8 77. Bd5+ Kh7 78. g8=Q# 1-0

[Event "December 5 Late 2023"]
[Site "https://www.chess.com"]
[Date "2023.12.05"]
[Round "6"]
[White "Vlassov, Nikolai"]
[Black "Stojanovski, Sandi"]
[Result "1-0"]
[Board "79"]
[TimeControl "180+1"]
[WhiteFideId "4103360"]
[BlackFideId "1403249"]
[WhiteElo "2648"]
[BlackElo "2519"]
[WhiteTeam "FID"]
[BlackTeam "DEN"]
[WhiteClock "0:00:05"]
[BlackClock "0:00:03"]

1. e4 d6 2. f4 Nf6 3. Nc3 g6 4. Nf3 Bg7 5. d4 O-O 6. e5 dxe5 7. fxe5 Nd5 8. Bc4 Nxc3 9. bxc3 c5 10. O-O Bg4 11. Be3 Nc6 12. h3 Bxf3 13. Rxf3 Rc8 14. e6 f5 15. d5 Ne5 16. Qe2 Nxf3+ 17. Qxf3 Bxc3 18. Rd1 Be5 19. Bh6 Bg7 20. Bxg7 Kxg7 21. Qc3+ Rf6 22. g4 fxg4 23. hxg4 g5 24. Qe5 Qd6 25. Qxd6 exd6 26. Bb5 Kf8 27. Kg2 Ke7 28. Bd3 h6 29. c4 Rcf8 30. Bf5 h5 31. Rh1 h4 32. Rb1 b6 33. a4 Rb8 34. a5 Rb7 35. Kh3 Kd8 36. Kg2 Rf8 37. Kf3 Re8 38. Ke4 Kc7 39. Bg6 Re7 40. a6 Rb8 41. Kf5 Rf8+ 42. Bf7 Rfxf7+ 43. exf7 Rxf7+ 44. Kxg5 h3 45. Rh1 Rf3 46. Kh6 Rc3 47. g5 Rxc4 48. Rxh3 Rg4 49. g6 b5 50. g7 b4 51. Rh5 Rxg7 52. Kxg7 Kb6 53. Rh6 c4 54. Rxd6+ Kc5 55. Rd7 b3 56. Rxa7 b2 57. Rb7 c3 58. a7 c2 59. a8=Q b1=Q 60. Qc8+ Kd4 61. Qg4+ Kc3 62. Qf3+ Kd2 63. Qf4+ Kd1 64. Qd4+ Ke2 65. Qe4+ Kd2 66. Rxb1 cxb1=Q 67. Qxb1 Kc3 68. d6 1-0

[Event "December 5 Late 2023"]
[Site "https://www.chess.com"]
[Date "2023.12.05"]
[Round "6"]
[White "Goltsev, Dmitry"]
[Black "Zimmermann, Ulrich"]
[Result "1-0"]
[Board "80"]
[TimeControl "180+1"]
[WhiteFideId "24176710"]
[BlackFideId "24654523"]
[WhiteElo "2647"]
[BlackElo "2428"]
[WhiteTeam "RUS"]
[BlackTeam "GER"]
[WhiteClock "0:00:35"]
[BlackClock "0:00:57"]

1. e4 c5 2. Nf3 g6 3. d4 cxd4 4. Qxd4 Nf6 5. Nc3 Nc6 6. Qa4 d6 7. e5 dxe5 8. Nxe5 Nd7 9. Nxc6 bxc6 10. Qxc6 Rb8 11. Nd5 Bg7 12. Nc7+ Kf8 13. Bf4 Rxb2 14. Rd1 Rb4 15. Bg3 h5 16. Bc4 Bc3+ 17. Kf1 Bf6 18. Bxf7 Kxf7 19. Qd5+ Kg7 20. Ne6+ Kh7 21. Nxd8 Rxd8 22. h4 Bb7 23. Qf7+ Kh6 24. Re1 Nf8 25. c4 Rb2 26. Bf4+ 1-0

[Event "December 5 Late 2023"]
[Site "https://www.chess.com"]
[Date "2023.12.05"]
[Round "6"]
[White "Martins, Vinicius Tine"]
[Black "Wu, Sibo"]
[Result "1-0"]
[Board "81"]
[TimeControl "180+1"]
[WhiteFideId "2112884"]
[BlackFideId "8606048"]
[WhiteElo "2630"]
[BlackElo "2421"]
[WhiteTeam "BRA"]
[BlackTeam "CHN"]
[WhiteClock "0:00:15"]
[BlackClock "0:00:09"]

1. d4 d5 2. Nf3 Nf6 3. Bf4 c5 4. e3 Nc6 5. Nbd2 e6 6. c3 cxd4 7. exd4 Nh5 8. Bg3 Nxg3 9. hxg3 Bd6 10. Bd3 h6 11. Qc2 e5 12. dxe5 Nxe5 13. Nxe5 Bxe5 14. Nf3 Bf6 15. Rd1 O-O 16. Kf1 Qa5 17. a3 Bg4 18. Bh7+ Kh8 19. Bf5 Bxf3 20. gxf3 d4 21. c4 Rad8 22. Kg2 Rfe8 23. Bd3 Qg5 24. Qb3 b6 25. Qa4 Re7 26. Qc6 Rde8 27. b4 Kg8 28. Be4 Re6 29. Qb7 R6e7 30. Qc6 Re6 31. Qa4 Rxe4 32. fxe4 Rxe4 33. Qc6 Re2 34. Qa8+ Kh7 35. Qf3 Qe5 36. Rh5 Qe6 37. Rdh1 Qxc4 38. Qf5+ Kg8 39. Qf3 d3 40. Rd5 d2 41. Rd7 Re6 42. Rxd2 Re5 43. Rd3 Qc2 44. Re3 Qc7 45. Rxe5 Qxe5 46. Rd1 Kh7 47. Qd3+ g6 48. Qd5 Qe2 49. Rd3 Bg7 50. Rf3 f5 51. Qb7 Qe4 52. Qxe4 fxe4 53. Re3 Bf6 54. Rxe4 g5 55. Re6 Kg6 56. Rc6 Kf5 57. Rc7 Bb2 58. Rxa7 Ke4 59. a4 Kd4 60. a5 bxa5 61. bxa5 Kc5 62. Rb7 Bd4 63. a6 Kc6 64. Rh7 h5 65. a7 Kb6 66. a8=Q 1-0

[Event "December 5 Late 2023"]
[Site "https://www.chess.com"]
[Date "2023.12.05"]
[Round "6"]
[White "Saito, Vinicius"]
[Black "Miranda, Rafael"]
[Result "1-0"]
[Board "82"]
[TimeControl "180+1"]
[WhiteFideId "2113384"]
[BlackFideId "130990"]
[WhiteElo "2419"]
[BlackElo "2599"]
[WhiteTeam "BRA"]
[BlackTeam "ARG"]
[WhiteClock "0:00:16"]
[BlackClock "0:00:35"]

1. e4 c5 2. Nf3 d6 3. Bb5+ Bd7 4. a4 Nf6 5. Nc3 g6 6. d3 Bg7 7. O-O O-O 8. h3 Nc6 9. Re1 e5 10. Bg5 h6 11. Bxf6 Bxf6 12. Nd5 Bg7 13. c3 a6 14. Bc4 Kh7 15. b4 cxb4 16. cxb4 Be6 17. Rb1 Rc8 18. a5 Bxd5 19. Bxd5 Rc7 20. Qd2 Qf6 21. b5 axb5 22. Rxb5 h5 23. Reb1 Qe7 24. Rb6 Bh6 25. Qd1 Nxa5 26. h4 Nc6 27. Qb3 Nd8 28. Qb4 Nc6 29. Qb3 Na5 30. Qb4 Rc5 31. Rb5 Qc7 32. Rxc5 dxc5 33. Qb6 Qxb6 34. Rxb6 Nc6 35. Rxb7 Nd8 36. Rd7 Bg7 37. Ng5+ Kg8 38. g3 Bf6 39. Nf3 Ne6 40. Bxe6 fxe6 41. Rd6 Rd8 42. Rxd8+ Bxd8 43. Nxe5 Kg7 44. Kf1 Bf6 45. Nd7 Bd4 46. Ke2 e5 47. Nb6 g5 48. hxg5 Kg6 49. f4 exf4 50. gxf4 h4 51. Kf3 h3 52. Kg3 Be3 53. Nd5 Bd2 54. Kxh3 Bxf4 55. Nxf4+ Kxg5 56. Kg3 Kf6 57. Kf3 Ke5 58. Ke3 c4 59. d4+ Kd6 60. Kd2 Kc6 61. Kc3 Kb5 62. Ne6 1-0

[Event "December 5 Late 2023"]
[Site "https://www.chess.com"]
[Date "2023.12.05"]
[Round "6"]
[White "Fernandez Bustamante, Leancy B."]
[Black "Garcia Ramos, Daniel"]
[Result "0-1"]
[Board "83"]
[TimeControl "180+1"]
[WhiteFideId "3523870"]
[BlackFideId "32010311"]
[WhiteElo "2401"]
[BlackElo "2584"]
[WhiteTeam "CUB"]
[BlackTeam "ESP"]
[WhiteClock "0:00:00"]
[BlackClock "0:00:05"]

1. e4 c6 2. d4 d5 3. exd5 cxd5 4. h3 Nc6 5. Nf3 Nf6 6. c3 Bf5 7. Bd3 Bxd3 8. Qxd3 e6 9. O-O Bd6 10. Bg5 Qc7 11. Nbd2 Bf4 12. Rfe1 Bxg5 13. Nxg5 O-O 14. Nf1 Qf4 15. Nf3 Ne4 16. g3 Qh6 17. Kg2 f5 18. N1d2 Rf6 19. Re2 Qh5 20. Ne5 Nxe5 21. dxe5 Rff8 22. c4 Rad8 23. cxd5 Rxd5 24. Qf3 Qxf3+ 25. Nxf3 Rc8 26. Rae1 a5 27. Re3 b5 28. R1e2 b4 29. a3 Rc4 30. h4 h6 31. h5 Kf7 32. Rb3 Ke7 33. Nh4 Nd2 34. Rbe3 Kd7 35. Ng6 Rc2 36. Nf8+ Ke7 37. Ng6+ Kf7 38. Nf4 Rd4 39. Re1 Rxb2 40. axb4 axb4 41. R1e2 Nc4 42. Rf3 Rxe2 43. Nxe2 Rd2 44. Nf4 Nxe5 45. Rb3 Ng4 0-1

[Event "December 5 Late 2023"]
[Site "https://www.chess.com"]
[Date "2023.12.05"]
[Round "6"]
[White "Manukyan, Sargis A."]
[Black "Zivic, Dragan"]
[Result "1-0"]
[Board "84"]
[TimeControl "180+1"]
[WhiteFideId "13303970"]
[BlackFideId "904740"]
[WhiteElo "2580"]
[BlackElo "2397"]
[WhiteTeam "ARM"]
[BlackTeam "SRB"]
[WhiteClock "0:00:06"]
[BlackClock "0:00:16"]

1. d4 Nf6 2. c4 c5 3. d5 b5 4. cxb5 a6 5. bxa6 g6 6. Nc3 Bxa6 7. Nf3 d6 8. g3 Bg7 9. Bg2 O-O 10. O-O Nbd7 11. Rb1 Qa5 12. Bd2 Qc7 13. b3 Ng4 14. Qc2 Nge5 15. Nxe5 Nxe5 16. a4 Rfb8 17. h3 Rb7 18. Rfc1 Rab8 19. f4 Nd7 20. e4 c4 21. b4 Rxb4 22. Nb5 Qc5+ 23. Kh2 Rxb1 24. Rxb1 Bxb5 25. axb5 Rxb5 26. Rxb5 Qxb5 27. Bf1 Qc5 28. Kg2 c3 29. Be1 Nb6 30. Bf2 Bd4 31. Be1 Nc4 32. Bxc4 Qxc4 33. g4 Qb4 34. Kf3 Qb2 35. Qd3 c2 36. Bd2 Bc3 37. Bxc3 c1=Q 38. Bxb2 Qxb2 39. Kg3 h6 40. Qe3 Kg7 41. e5 Qb7 42. Qd3 Qc7 43. e6 f6 44. h4 Qc1 45. Kg2 Qb2+ 46. Kh3 Qc1 47. h5 f5 48. Qd4+ Kg8 49. hxg6 Qh1+ 50. Kg3 Qe1+ 51. Kg2 Qe2+ 52. Qf2 Qxg4+ 53. Kh2 Qxg6 54. Qa7 Qh5+ 55. Kg2 Qg4+ 56. Kh1 Qh3+ 57. Kg1 Qg3+ 58. Kh1 Qh3+ 59. Kg1 Kg7 60. Qxe7+ Kg6 61. Qf7# 1-0

[Event "December 5 Late 2023"]
[Site "https://www.chess.com"]
[Date "2023.12.05"]
[Round "6"]
[White "Roberson, Peter T"]
[Black "Zakarian, David"]
[Result "0-1"]
[Board "85"]
[TimeControl "180+1"]
[WhiteFideId "412384"]
[BlackFideId "13301276"]
[WhiteElo "2558"]
[BlackElo "2394"]
[WhiteTeam "ENG"]
[BlackTeam "ARM"]
[WhiteClock "0:00:00"]
[BlackClock "0:00:04"]

1. Nf3 Nf6 2. d4 e6 3. Bf4 b6 4. e3 Bb7 5. Bd3 c5 6. Nbd2 cxd4 7. exd4 Be7 8. Qe2 O-O 9. c3 d6 10. O-O-O Nc6 11. g4 Rc8 12. Kb1 e5 13. dxe5 dxe5 14. Be3 Qc7 15. g5 Nd5 16. Ne4 Nxe3 17. Qxe3 Rfd8 18. Rhg1 g6 19. h4 Bc5 20. Nf6+ Kg7 21. Qe2 Ne7 22. h5 Ng8 23. Qxe5 Qxe5 24. h6+ Nxh6 25. Nh5+ gxh5 26. gxh6+ Kf6 27. Nxe5 Kxe5 28. Rg5+ Kf6 29. Rf5+ Ke7 30. Rxh5 Bf3 31. Re5+ Kf8 32. Rd2 Re8 33. Rxe8+ Rxe8 34. Kc2 Be4 35. b4 Bxd3+ 36. Rxd3 Bxf2 37. Rd7 Re7 38. Rd8+ Re8 39. Rd7 a5 40. bxa5 bxa5 41. c4 Rc8 42. Kb3 Be3 43. Rd5 a4+ 44. Kxa4 Rxc4+ 45. Kb5 Rc2 46. Rd8+ Ke7 47. Rh8 Bxh6 48. Rxh7 Bd2 49. a4 Rb2+ 50. Kc6 Ra2 51. Kb5 Rb2+ 52. Kc6 Rb4 53. a5 Ra4 54. Rh2 Bxa5 55. Kb5 Ra1 56. Re2+ Kd6 57. Re8 Bc3 0-1

[Event "December 5 Late 2023"]
[Site "https://www.chess.com"]
[Date "2023.12.05"]
[Round "6"]
[White "Semenenko, Dmytry"]
[Black "Erzhanov, Arman"]
[Result "0-1"]
[Board "86"]
[TimeControl "180+1"]
[WhiteFideId "14118645"]
[BlackFideId "4138821"]
[WhiteElo "2394"]
[BlackElo "2531"]
[WhiteTeam "UKR"]
[BlackTeam "KAZ"]
[WhiteClock "0:01:43"]
[BlackClock "0:02:18"]

1. Nf3 d6 2. d4 Bg4 3. e4 Nf6 4. Nc3 e6 5. Be2 d5 6. Bg5 Be7 7. e5 Nfd7 8. Bxe7 Qxe7 9. h3 Bh5 10. Qd2 a6 11. O-O-O Bxf3 12. Bxf3 c5 13. Na4 cxd4 14. Qxd4 Nc6 15. Qg4 O-O 16. Rhe1 Ndxe5 17. Qh5 Qb4 18. Nc3 Nc4 19. b3 Qa3+ 0-1

[Event "December 5 Late 2023"]
[Site "https://www.chess.com"]
[Date "2023.12.05"]
[Round "6"]
[White "Leenhouts, Koen"]
[Black "Stevens, Matthew"]
[Result "0-1"]
[Board "87"]
[TimeControl "180+1"]
[WhiteFideId "1008439"]
[BlackFideId "2067633"]
[WhiteElo "2524"]
[BlackElo "2350"]
[WhiteTeam "NED"]
[BlackTeam "USA"]
[WhiteClock "0:00:03"]
[BlackClock "0:00:07"]

1. Nf3 Nf6 2. g3 b6 3. Bg2 Bb7 4. O-O g6 5. d3 Bg7 6. e4 O-O 7. c4 c5 8. Nc3 Nc6 9. h3 d6 10. Be3 Nd7 11. d4 cxd4 12. Nxd4 Nxd4 13. Bxd4 Rc8 14. b3 Nc5 15. Bxg7 Kxg7 16. Qd4+ Kg8 17. Rad1 Qd7 18. h4 Rfd8 19. h5 e5 20. Qe3 Qe7 21. h6 Ne6 22. Bh3 Bc6 23. Nd5 Qf8 24. Rd2 Rb8 25. Rfd1 Bxd5 26. Rxd5 Nd4 27. R1xd4 exd4 28. Rxd4 Re8 29. Rd5 Re5 30. Bg4 Rbe8 31. Bf3 Rxd5 32. cxd5 Rc8 33. Kg2 Qe7 34. Qd4 Qe5 35. Qa4 Rc7 36. Be2 Kf8 37. Bf3 Ke7 38. Qb4 Qc3 39. Qb5 Qc5 40. Qe2 Qc3 41. Bg4 Qd4 42. Qf3 Rc2 43. Qf4 Qf6 44. Qe3 Qc3 45. Qg5+ Qf6 46. Qe3 Kf8 47. Bf3 Qe5 48. Qd3 Qc3 49. Qa6 Qc5 50. Qf1 Ke7 51. Qe1 Qd4 52. Qf1 Qd2 53. Qg1 Qxh6 54. Qf1 Qd2 55. Qg1 Rxa2 56. Qf1 Rb2 57. e5 dxe5 58. Be4 f5 59. Bf3 e4 60. Bd1 e3 61. Qb5 Qxf2+ 62. Kh3 Qh2# 0-1

[Event "December 5 Late 2023"]
[Site "https://www.chess.com"]
[Date "2023.12.05"]
[Round "6"]
[White "Sarkar, Justin"]
[Black "Krzywda, Andrzej"]
[Result "1-0"]
[Board "88"]
[TimeControl "180+1"]
[WhiteFideId "2010011"]
[BlackFideId "1114565"]
[WhiteElo "2301"]
[BlackElo "2524"]
[WhiteTeam "USA"]
[BlackTeam "POL"]
[WhiteClock "0:00:04"]
[BlackClock "0:00:11"]

1. e4 e5 2. Bc4 Nf6 3. d3 c6 4. Qe2 Be7 5. Nf3 d6 6. O-O O-O 7. a4 Nbd7 8. Nc3 b6 9. d4 a6 10. d5 c5 11. Nd2 g6 12. Bd3 Nh5 13. g3 Ng7 14. Nc4 Rb8 15. Na3 c4 16. Nxc4 Nc5 17. f4 Bh3 18. Rf2 exf4 19. Bxf4 Nh5 20. Bh6 Re8 21. Qf3 Bf6 22. g4 Bxg4 23. Qxg4 Bd4 24. Be3 Bg7 25. Raf1 Rb7 26. Kh1 Ra7 27. Bg5 Qb8 28. Ne2 b5 29. Na5 Qb6 30. Nc6 Rc7 31. a5 Qb7 32. b4 Nd7 33. Rxf7 Ne5 34. Nxe5 Bxe5 35. Rxc7 Qxc7 36. Qf3 Bg7 37. Ng3 Rf8 38. Qg2 Re8 39. Nxh5 gxh5 40. Bh6 Re7 41. Rf2 Qc3 42. Bxg7 Rxg7 43. Qf1 h6 44. Rf8+ Kh7 45. e5+ Rg6 46. Bxg6+ Kxg6 47. Qf5+ Kg7 48. Qf7# 1-0

[Event "December 5 Late 2023"]
[Site "https://www.chess.com"]
[Date "2023.12.05"]
[Round "6"]
[White "Paragua, Megan Althea"]
[Black "Grutter, Tim"]
[Result "1-0"]
[Board "89"]
[TimeControl "180+1"]
[WhiteFideId "30973007"]
[BlackFideId "1057472"]
[WhiteElo "2293"]
[BlackElo "2520"]
[WhiteTeam "USA"]
[BlackTeam "NED"]
[WhiteClock "0:01:37"]
[BlackClock "0:01:14"]

1. d4 d6 2. e3 e5 3. dxe5 dxe5 4. Qxd8+ Kxd8 5. Nf3 f6 6. Bc4 c6 7. O-O Kc7 8. b3 Bg4 9. Be2 Na6 10. Bb2 Rd8 11. a3 Bf5 12. Rc1 g5 13. Bxa6 bxa6 14. Nxe5 Bxc2 15. Nf7 Bxb1 16. Raxb1 Bg7 17. Nxd8 Kxd8 18. Rxc6 Ne7 19. Rd1+ Ke8 20. Rxa6 Kf7 21. Rxa7 Rc8 22. h3 Rc2 23. Bd4 Ke6 24. b4 Nc6 25. Rxg7 1-0

[Event "December 5 Late 2023"]
[Site "https://www.chess.com"]
[Date "2023.12.05"]
[Round "6"]
[White "Argandona Riveiro, Inigo"]
[Black "Schnaider, Ilan"]
[Result "0-1"]
[Board "90"]
[TimeControl "180+1"]
[WhiteFideId "2212072"]
[BlackFideId "169013"]
[WhiteElo "2448"]
[BlackElo "2688"]
[WhiteTeam "ESP"]
[BlackTeam "ARG"]
[WhiteClock "0:00:00"]
[BlackClock "0:00:50"]

1. Nf3 Nf6 2. c4 g6 3. Nc3 Bg7 4. e4 e5 5. d4 exd4 6. Nxd4 O-O 7. Be3 Re8 8. f3 c6 9. Qd2 d5 10. cxd5 cxd5 11. Bb5 Bd7 12. O-O-O dxe4 13. fxe4 Nxe4 14. Nxe4 Rxe4 15. Nc2 Qc8 16. Bxd7 Nxd7 17. Qxd7 Rxe3 18. Rhf1 Qc4 19. b3 Qc3 20. Rxf7 Re2 21. Rxg7+ Qxg7 22. Qxg7+ Kxg7 23. Rd7+ Kf6 24. Kd1 Rxg2 25. Ne3 Rxa2 26. Rxb7 Rd8+ 27. Ke1 Re8 0-1

[Event "December 5 Late 2023"]
[Site "https://www.chess.com"]
[Date "2023.12.05"]
[Round "6"]
[White "Wieczorek, Zbigniew"]
[Black "Fernandez Hernandez, Gerardo"]
[Result "1-0"]
[Board "91"]
[TimeControl "180+1"]
[WhiteFideId "1102001"]
[BlackFideId "2207400"]
[WhiteElo "2225"]
[BlackElo "2228"]
[WhiteTeam "POL"]
[BlackTeam "ESP"]
[WhiteClock "0:01:24"]
[BlackClock "0:01:23"]

1. Nf3 Nf6 2. c4 g6 3. Nc3 d6 4. g3 Bf5 5. d3 c5 6. Bg2 Nc6 7. a3 Bg7 8. Rb1 a5 9. O-O O-O 10. h3 h6 11. e4 Bd7 12. d4 cxd4 13. Nxd4 Nxd4 14. Qxd4 Ng4 15. Qd2 Ne5 16. b3 Bc6 17. f4 Qb6+ 18. Kh2 Nxc4 19. bxc4 Bxc3 20. Qxc3 Qxb1 21. Bb2 Qxf1 22. Qg7# 1-0

[Event "December 5 Late 2023"]
[Site "https://www.chess.com"]
[Date "2023.12.05"]
[Round "6"]
[White "Boyer, Mahel"]
[Black "JERO-8914"]
[Result "1-0"]
[Board "92"]
[TimeControl "180+1"]
[WhiteFideId "45102422"]
[WhiteElo "2667"]
[BlackElo "2403"]
[WhiteTeam "FRA"]
[WhiteClock "0:00:03"]
[BlackClock "0:00:18"]

1. Nf3 Nf6 2. g3 d5 3. b4 g6 4. Bb2 Bg7 5. Bg2 O-O 6. O-O a5 7. b5 c6 8. bxc6 bxc6 9. c4 Ba6 10. Ne5 Qb6 11. Qc2 h5 12. Na3 h4 13. Rab1 Qc5 14. cxd5 Qxc2 15. Nxc2 cxd5 16. d3 hxg3 17. hxg3 e6 18. Ba3 Rc8 19. Nd4 Nh5 20. Nef3 Nf6 21. Rfc1 Nbd7 22. Nc6 Kh7 23. Ng5+ Kg8 24. Ne7+ Kh8 25. Nxf7+ Kh7 26. Ng5+ Kh6 27. Nf7+ Kh7 28. Nxc8 Bxc8 29. Ng5+ Kg8 30. Nxe6 Ne5 31. Nxg7 Kxg7 32. Rc7+ Kg8 33. Bb2 Rb8 34. Rxc8+ Rxc8 35. Bxe5 Ng4 36. Bxd5+ Kh7 37. Rb7+ Kh6 38. Bf4+ g5 39. Rb6+ Kg7 40. Bxg5 Rc2 41. Bf3 Ne5 42. Bf6+ Kf7 43. Bxe5 Rxa2 44. Bd5+ 1-0

[Event "December 5 Late 2023"]
[Site "https://www.chess.com"]
[Date "2023.12.05"]
[Round "6"]
[White "Haszon, David"]
[Black "Agibileg, Uurtsaikh"]
[Result "0-1"]
[Board "93"]
[TimeControl "180+1"]
[WhiteFideId "733610"]
[BlackFideId "4901606"]
[WhiteElo "2401"]
[BlackElo "2617"]
[WhiteTeam "HUN"]
[BlackTeam "MGL"]
[WhiteClock "0:02:10"]
[BlackClock "0:01:33"]

1. e4 e5 2. Nf3 Nc6 3. Bb5 a6 4. Ba4 Nf6 5. d4 b5 6. Bb3 exd4 7. O-O Nxe4 8. Bd5 Nc5 9. Nxd4 Bb7 10. Re1+ Ne6 11. f4 Bc5 12. c3 O-O 13. f5 Ncxd4 14. Bxb7 Nxf5+ 15. Kh1 Qh4 16. h3 Rab8 17. Bf3 Rb6 18. Re4 Ng3+ 0-1

[Event "December 5 Late 2023"]
[Site "https://www.chess.com"]
[Date "2023.12.05"]
[Round "6"]
[White "Marchesich, Giovanni"]
[Black "Asish Panda"]
[Result "1/2-1/2"]
[Board "94"]
[TimeControl "180+1"]
[WhiteFideId "2824790"]
[BlackFideId "45012458"]
[WhiteElo "2400"]
[BlackElo "2566"]
[WhiteTeam "ITA"]
[BlackTeam "IND"]
[WhiteClock "0:00:23"]
[BlackClock "0:00:07"]

1. e4 e6 2. d3 c5 3. Nd2 Nc6 4. g3 Nge7 5. Bg2 g6 6. f4 Bg7 7. Ngf3 O-O 8. O-O d6 9. c3 e5 10. Nc4 h6 11. Ne3 Be6 12. c4 f5 13. Nd5 fxe4 14. dxe4 Nd4 15. Be3 Nec6 16. Nh4 exf4 17. Nxf4 Rxf4 18. Bxf4 g5 19. Qh5 Bf7 20. Qxf7+ Kxf7 21. Bxg5+ Kg8 22. Bxd8 Rxd8 23. Nf5 Nxf5 24. exf5 Bxb2 25. Bd5+ Kg7 26. Rab1 Bd4+ 27. Kg2 Rd7 28. g4 Ne5 29. Kg3 Kf6 30. h4 Be3 31. Rxb7 Rxb7 32. Bxb7 Nxc4 33. Bd5 Nb6 34. Be6 d5 35. Kf3 d4 36. Ke4 c4 37. Rb1 c3 38. Bb3 Nd7 39. Bc2 Nc5+ 40. Kf3 Ke5 41. Rb5 Kd6 42. f6 Nd7 43. g5 hxg5 44. hxg5 Ke6 45. Bf5+ Kd6 46. Bd3 Ne5+ 47. Ke4 Nc6 48. f7 Bxg5 49. f8=Q+ Be7 50. Qf5 Nd8 51. Qd5+ Kc7 52. Qc4+ Kd7 53. Qxd4+ Ke8 54. Qxc3 Nf7 55. Qc4 Nd6+ 56. Kd4 Bf6+ 57. Kd5 Nxc4 58. Bxc4 Bh4 59. Rb8+ Kd7 60. Rb7+ Kc8 61. Rxa7 Bf2 62. Ra6 Kb7 63. Re6 Kc7 64. Ke4 Kd7 65. Kd3 Kc7 66. Kc2 Kb7 67. Kb3 Kc7 68. a4 Kb7 69. Bb5 Kc7 70. Bc4 Kb7 71. Rf6 Bc5 72. Kc3 Ba3 73. Kd3 Bb2 74. Ke4 Bxf6 75. Kd5 Bd8 76. Kc5 Ka7 77. Kb5 Bc7 78. Kc6 Ba5 79. Bb5 Be1 80. Kd7 Bd2 81. Kc6 Be1 82. Kd7 Bd2 83. Kc6 Be1 1/2-1/2

[Event "December 5 Late 2023"]
[Site "https://www.chess.com"]
[Date "2023.12.05"]
[Round "6"]
[White "Dubreuil, Julien"]
[Black "Soderstrom, Adrian"]
[Result "0-1"]
[Board "95"]
[TimeControl "180+1"]
[WhiteFideId "621285"]
[BlackFideId "1745786"]
[WhiteElo "2400"]
[BlackElo "2554"]
[WhiteTeam "FRA"]
[BlackTeam "SWE"]
[WhiteClock "0:01:33"]
[BlackClock "0:02:06"]

1. e4 e6 2. d4 d5 3. e5 c5 4. c3 Nc6 5. Nf3 Nge7 6. dxc5 Ng6 7. b4 a5 8. b5 Ncxe5 9. Nxe5 Nxe5 10. Qd4 Ng6 11. c4 Qc7 12. Ba3 Be7 13. Qxg7 Qf4 14. Bd3 Bf6 0-1

[Event "December 5 Late 2023"]
[Site "https://www.chess.com"]
[Date "2023.12.05"]
[Round "6"]
[White "Veljanoski, Andrej"]
[Black "Mickiewicz, Piotr"]
[Result "1-0"]
[Board "96"]
[TimeControl "180+1"]
[WhiteFideId "15003604"]
[BlackFideId "1114891"]
[WhiteElo "2548"]
[BlackElo "2389"]
[WhiteTeam "MKD"]
[BlackTeam "POL"]
[WhiteClock "0:00:49"]
[BlackClock "0:00:05"]

1. g3 Nf6 2. Bg2 c5 3. b3 g6 4. Bb2 Bg7 5. Nf3 O-O 6. O-O Nc6 7. c4 d5 8. cxd5 Nxd5 9. Bxg7 Kxg7 10. Qc2 Qd6 11. Nc3 Nxc3 12. Qxc3+ f6 13. Rac1 b6 14. Rfd1 e5 15. d3 Be6 16. e3 Rac8 17. Nd2 Rfd8 18. Ne4 Qe7 19. f4 exf4 20. Rf1 fxe3 21. Rce1 Nd4 22. Rxe3 f5 23. Nd2 Qf6 24. Kh1 Bf7 25. g4 Rc7 26. Ne4 Qe5 27. gxf5 gxf5 28. Rg3+ Kh8 29. Ng5 Bd5 30. Re1 Qd6 31. Qd2 f4 32. Rh3 Bxg2+ 33. Qxg2 Rg7 34. Qe4 h6 35. Qe8+ Rxe8 36. Rxe8+ Rg8 37. Nf7+ Kg7 38. Nxd6 Rxe8 39. Nxe8+ Kg6 40. Nd6 Kg5 41. Ne4+ Kg4 42. Rxh6 Kf3 43. Rh3+ Ke2 44. Rh8 f3 45. Re8 Kxd3 46. Nf2+ Kd2 47. h4 Ne2 48. Kh2 Ke1 49. Nd3+ Kf1 50. h5 b5 51. h6 c4 52. bxc4 bxc4 53. Ne5 f2 54. Ng4 Nd4 55. Nxf2 Kxf2 56. Rf8+ Nf3+ 57. Rxf3+ Kxf3 58. h7 c3 59. h8=Q c2 60. Qb2 1-0

[Event "December 5 Late 2023"]
[Site "https://www.chess.com"]
[Date "2023.12.05"]
[Round "6"]
[White "Donchenko, Anatoly"]
[Black "Estrada Nieto, Julian"]
[Result "1-0"]
[Board "97"]
[TimeControl "180+1"]
[WhiteFideId "4106091"]
[BlackFideId "5101018"]
[WhiteElo "2384"]
[BlackElo "2543"]
[WhiteTeam "GER"]
[BlackTeam "ESP"]
[WhiteClock "0:01:00"]
[BlackClock "0:00:50"]

1. Nf3 d5 2. d4 Nf6 3. c4 dxc4 4. Qa4+ c6 5. Qxc4 Bf5 6. g3 Nbd7 7. Bg2 e6 8. O-O Be7 9. Nc3 O-O 10. Re1 Ne4 11. Qb3 Nxc3 12. bxc3 Be4 13. Bf4 Qb6 14. c4 Rfd8 15. Red1 h6 16. Ne1 Bxg2 17. Nxg2 Nf6 18. Rab1 Qxb3 19. axb3 Rd7 20. Be5 Rad8 21. Bxf6 Bxf6 22. e3 e5 23. d5 cxd5 24. cxd5 Rxd5 25. Rxd5 Rxd5 26. e4 Rd2 27. Ne3 Bd8 28. Nd5 Bb6 29. Nxb6 axb6 30. Rc1 Rd3 31. Rc8+ Kh7 32. Rc7 f6 33. Rxb7 Rxb3 34. Kg2 h5 35. h3 Kg6 36. f4 h4 37. f5+ Kh6 38. gxh4 b5 39. Rb8 Kh7 40. Rb7 b4 41. Rb8 Rb1 42. h5 b3 43. Kh2 Kh6 44. Kg3 Rg1+ 45. Kf2 Rb1 46. Kg3 b2 47. Rh8+ Kg5 48. h4# 1-0